 Dungeon Crawl Stone Soup version 0.19.5 (webtiles) character file.

1768 Lizareth the Carver (level 8, -3/62 HPs)
             Began as a Minotaur Gladiator on Mar 12, 2017.
             Slain by an orc warrior
             ... wielding a +0 trident
              (22 damage)
             ... on level 6 of the Dungeon.
             The game lasted 00:34:13 (6205 turns).

Lizareth the Carver (Minotaur Gladiator)            Turns: 6205, Time: 00:34:13

Health: -3/62      AC:  3    Str: 20    XL:     8   Next: 80%
Magic:  7/7        EV: 17    Int:  9    God:
Gold:   356        SH:  0    Dex: 13    Spells: 0 memorised, 7 levels left

rFire  . . .     SeeInvis .     a - +0 long sword
rCold  . . .     Gourm    .     b - +0 leather armour
rNeg   . . .     Faith    .     (no shield)
rPois  .         Spirit   .     c - +0 hat
rElec  .         Reflect  .     (no cloak)
rCorr  .         Harm     .     (no gloves)
MR     .....                    (no boots)
Stlth  +.........               (no amulet)
                                (no ring)
                                u - +4 ring of intelligence

@: no status effects
A: retaliatory headbutt, horns 2
a: no special abilities


You were on level 6 of the Dungeon.
You were not hungry.

You visited 1 branch of the dungeon, and saw 6 of its levels.
You also visited: Sewer.

You collected 356 gold pieces.

Inventory:

Hand Weapons
 a - a +0 long sword (weapon)
Missiles
 d - 3 throwing nets (quivered)
Armour
 b - a +0 leather armour (worn)
 c - a +0 hat (worn)
Jewellery
 u - a +4 ring of intelligence (left hand)
Scrolls
 e - 3 scrolls of random uselessness {unknown}
 g - 3 scrolls of fog {unknown}
 h - 3 scrolls of amnesia {unknown}
 i - 2 scrolls of remove curse {unknown}
 l - 2 scrolls of noise {unknown}
 m - 6 scrolls of identify {unknown}
 p - 2 scrolls of blinking {unknown}
 q - a scroll of enchant weapon {unknown}
 y - 3 scrolls of teleportation {unknown}
 B - 2 scrolls of magic mapping {unknown}
 C - 2 scrolls of fear {unknown}
Potions
 j - 3 potions of curing
 n - a potion of agility {unknown}
 r - a potion of magic {unknown}
 s - a potion of might
 v - a potion of cancellation {unknown}
 x - 3 potions of heal wounds {unknown}
 z - 2 potions of degeneration {unknown}
 A - a potion of haste {unknown}
 D - a potion of flight {unknown}
 E - 2 potions of mutation {unknown}
 G - a potion of invisibility
Books
 F - a book of Callings

   Spells                             Type                      Level
   a - Summon Small Mammal            Summoning                    1
   b - Call Imp                       Summoning                    2
   c - Call Canine Familiar           Summoning                    3
   d - Summon Guardian Golem          Hexes/Summoning              3
   e - Summon Lightning Spire         Summoning/Air                4
   f - Summon Ice Beast               Ice/Summoning                4
Comestibles
 f - 4 bread rations
 o - a beef jerky
 t - 3 meat rations
 w - 3 fruits
 H - 2 chunks of flesh


   Skills:
 - Level 2.4 Fighting
 + Level 10.8 Long Blades
 - Level 2.0 Throwing
 * Level 8.8 Dodging


You had 7 spell levels left.
You didn't know any spells.

Dungeon Overview and Level Annotations

Branches:
Dungeon (6/15)
 Temple: D:4-7

Altars:
Elyvilon

Shops:
D:5 }


Innate Abilities, Weirdness & Mutations

You reflexively headbutt those who attack you in melee.
You have a pair of horns on your head.


Message History

The hound is almost dead.
You feel sick. The hound bites you. The orc warrior barely misses you.
You hit the hound but do no damage. Your headbutt misses the hound.
The hound is almost dead.
You feel sick. The hound completely misses you.
You riposte.
You hit the hound but do no damage.
The hound is almost dead.
The orc warrior hits you from afar with a trident!
* * * LOW HITPOINT WARNING * * *
The hound completely misses you. You furiously retaliate!
You headbutt the hound!
You kill the hound!
Unknown command.
It was a potion of curing.
You feel better. The orc warrior misses you.
It was a potion of cure mutation.
It has a very clean taste.
The orc barely misses you. You furiously retaliate!
You headbutt the orc!
You kill the orc!
The orc wizard miscasts a cantrip.
The orc warrior hits you from afar with a trident!!
You die...

.......+.....+...#.#.#
###...##.....###.#.#.#
#...#####.####.#.#.#
#...#.. .......#.#.#
#...#.####.###.#.#.#
#...#.#........#.#.#
###...#.#.###.##.#.#.# .
..............##.#.#.#
..
#######.#......#@#.#.#
o.. #
#.######.#)#.#.##o... #
###..รท.......o.o<......
#
#.............o#.$..###
#
#.#.#..................
#
#.#..............##+###
# #.###..####..####....
# #.# #.......>.........
#
#.####.#####.####....%.


You could see an orc warrior and an orc wizard.

Vanquished Creatures
  Sigmund (D:3)
  Menkaure (D:4)
  A phantom (D:5)
  A black bear (D:4)
  An ice beast (D:5)
  A necrophage (D:6)
  2 centaurs
  A crocodile (Sewer)
  A bullfrog (D:6)
  3 scorpions
  A crimson imp (D:5)
  A centaur zombie (D:5)
  An orc priest (D:5)
  A bullfrog skeleton (D:6)
  4 hounds
  A jelly (D:6)
  3 orc wizards (D:5)
  An iguana (D:4)
  3 worker ants
  A hound skeleton (D:6)
  9 adders
  A shadow imp (D:6)
  A worm (D:3)
  4 dart slugs (D:1)
  5 leopard geckos
  17 orcs
  4 ball pythons
  14 bats
  4 giant cockroaches
  7 hobgoblins
  11 jackals
  2 quokkas
  9 frilled lizards
  4 goblins
  10 kobolds
  13 rats
145 creatures vanquished.

Notes
Turn   | Place    | Note
-------+----------+-------------------------------------------
     0 | D:1      | Lizareth the Minotaur Gladiator began the quest for the Orb.
     0 | D:1      | Reached XP level 1. HP: 18/18 MP: 0/0
   120 | D:1      | Reached XP level 2. HP: 12/25 MP: 1/1
   299 | D:1      | Reached skill level 4 in Long Blades
   591 | D:1      | Reached XP level 3. HP: 30/30 MP: 2/2
  1272 | D:2      | Reached XP level 4. HP: 37/37 MP: 3/3
  1613 | D:3      | Reached skill level 5 in Long Blades
  1953 | D:3      | Noticed Sigmund
  1960 | D:3      | Killed Sigmund
  1960 | D:3      | Reached skill level 6 in Long Blades
  1960 | D:3      | Reached skill level 5 in Dodging
  1960 | D:3      | Reached XP level 5. HP: 10/42 MP: 4/4
  1961 | D:3      | Reached XP level 6. HP: 12/50 MP: 5/5
  2687 | D:4      | Noticed Menkaure
  2690 | D:4      | Reached skill level 7 in Long Blades
  2697 | D:4      | Killed Menkaure
  2799 | D:4      | Reached XP level 7. HP: 52/56 MP: 6/6
  2900 | D:4      | Reached skill level 8 in Long Blades
  3751 | D:5      | Entered Level 5 of the Dungeon
  3834 | D:5      | Found a glowing drain.
  3862 | Sewer    | Entered a sewer
  4290 | D:5      | Found a white marble altar of Elyvilon.
  4323 | D:5      | Reached skill level 9 in Long Blades
  4352 | D:5      | Reached XP level 8. HP: 14/62 MP: 7/7
  4865 | D:5      | Found Dyguemue's Gadget Emporium.
  5753 | D:6      | Reached skill level 10 in Long Blades
  6205 | D:6      | Slain by an orc warrior

Skill      XL: |  1  2  3  4  5  6  7  8 |
---------------+-------------------------+-----
Long Blades    | 4 6 7 9 10 | 10.8
Dodging        | 4 5 6 7 8 |  8.8
Fighting       | |  2.4
Throwing       | |  2.0

Action                   |  1- 3 |  4- 6 |  7- 9 || total
-------------------------+-------+-------+-------++-------
Melee: Long sword        |    79 |    74 |   145 ||   298
       Headbutt          |    12 |    17 |    40 ||    69
  Use: Potion            |       |     1 |     2 ||     3
 Stab: Sleeping          |     1 |       |       ||     1
       Invisible         |       |     2 |       ||     2
  Eat: Chunk             |     1 |       |     7 ||     8
       Bread ration      |       |     1 |     1 ||     2
Armor: Leather armour    |    23 |    17 |    26 ||    66
Dodge: Dodged            |    61 |    62 |   131 ||   254
       Rpst.: Long sword |    19 |    12 |    34 ||    65
